 Dungeon Crawl Stone Soup version 0.31-a0-532-g28f74ba3e5 (webtiles) character file.

Game seed: 13556328713924883394

156 LeprechaunX the Ruffian (level 5, -4/34 HPs)
             Began as an Octopode Shapeshifter on Aug 13, 2023.
             Killed from afar by an orc wizard (6 damage)
             ... with a magic dart
             ... on level 3 of the Dungeon.
             The game lasted 00:02:46 (1909 turns).

LeprechaunX the Ruffian (Octopode Shapeshifter)     Turns: 1909, Time: 00:02:46

Health: -4/34      AC:  1    Str: 17    XL:     5   Next: 37%
Magic:  5/5        EV: 13    Int: 10    God:
Gold:   127        SH:  0    Dex: 12    Spells: 4/4 levels left

rFire   . .          .
                       - Unarmed
rCold   . . .        (no shield)
rNeg    . . .        (helmet currently unavailable)
rPois   .            (no amulet)
rElec   .            (no ring)
rCorr   .            (no ring)
SInv    .            (no ring)
Will    .....        (no ring)
Stlth   ++           (no ring)
HPRegen 0.25/turn    (no ring)
MPRegen 0.09/turn    (no ring)
                     (no ring)

%: no passive effects
@: confused, beast-form
A: beast (slay +2), almost no armour, amphibious, 8 rings, camouflage 1,
gelatinous body 1, (nimble swimmer 1), tentacles
a: Begin Untransformation


You were on level 3 of the Dungeon.
You were a hulking beast.
You visited 1 branch of the dungeon, and saw 3 of its levels.

You collected 127 gold pieces.

Inventory:

Hand Weapons
 a - a +0 sling
Talismans
 b - a beast talisman (active)
 c - a flux talisman
Scrolls
 d - a scroll of brand weapon {unknown}
 f - 3 scrolls of vulnerability {unknown}
 g - 2 scrolls of teleportation {unknown}
 h - a scroll of acquirement {unknown}
 m - 2 scrolls of torment {unknown}
 n - 2 scrolls of fog {unknown}
 o - a scroll of enchant armour {unknown}
Potions
 e - a potion of might {unknown}
 i - a potion of lignification
 j - 2 potions of curing {unknown}
 k - a potion of heal wounds {unknown}
 l - a potion of berserk rage {unknown}
 p - a potion of ambrosia {unknown}
 q - a potion of degeneration {unknown}
 r - a potion of brilliance {unknown}


   Skills:
 + Level 2.3 Fighting
 + Level 2.9 Dodging
 * Level 4.3 Unarmed Combat
 + Level 3.5 Shapeshifting


You had 4 spell levels left.
You didn't know any spells.
Your spell library contained the following spells:

 Spells                   Type           Power      Damage    Failure   Level
 Sublimation of Blood     Necr           0%         N/A       50%         2
 Petrify                  Tmut/Erth      0%         N/A       98%         4
 Irradiate                Conj/Tmut      0%         3d11      100%        5


Dungeon Overview and Level Annotations

Branches:
Dungeon (3/15)

Altars:
Ashenzari
Vehumet


Innate Abilities, Weirdness & Mutations

You are a hulking beast.
Your limbs bulge with bestial killing power. (Slay +2)
You cannot wear most types of armour.
You are amphibious.
You can wear up to eight rings at the same time.
Your skin changes colour to match your surroundings (Stealth+).
Your rubbery body absorbs attacks. (AC +1, EV +1)
((You are camouflaged when in or above water. (Stealth+)))
You have tentacles for arms and can constrict up to eight enemies at once.


Message History

The orc wizard gestures at you while chanting.
The magic dart hits you!
You bludgeon the orc wizard!
You kill the orc wizard!
The orc priest mumbles some strange prayers to Beogh against you.
Beogh smites you!
You tentacle-slap the orc. You grab the orc. You tentacle-slap the orc.
You squeeze the orc.
You kill the orc!
You barely miss the kobold. You grab the kobold. You squeeze the kobold.
You kill the kobold!
You closely miss the orc. You grab the orc. You constrict the orc.
The orc wizard gestures wildly while chanting.
The orc wizard flickers and vanishes!
Deactivating autopickup; reactivate with Ctrl-A.
The orc closely misses you.
You tentacle-slap the orc. You squeeze the orc.
You kill the orc!
The orc priest invokes the aid of Beogh against you.
Pain shoots through your body!
* * * LOW HITPOINT WARNING * * *
You closely miss something.
You hear some strange, mumbled words.
Something tries to affect you, but you resist.
You tentacle-slap something but do no damage.
You tentacle-slap something. Something barely misses you. Something hits you.
* * * LOW HITPOINT WARNING * * *
The orc priest mumbles some strange prayers to Beogh against you.
Something writhes in agony!
You hear some strange, mumbled words.
You are confused.
You bump into the rock wall.
You hear some strange, mumbled words.
Something tries to affect you, but you resist.
Unknown command.
You bump into the rock wall.
A magic dart appears from out of thin air!
The magic dart hits you.
You die...

##.....## # ##...##
##'## #.# #
#.######### #.
########..........
###.##
#...>.#...########
#..... #.# #<.....#
#.....###h###.#...##
#.....o{....#.##..#
#.....###.#.......#
#..... #.###.#####
###### #.###.#
#.....# #######


You could see an orc priest.

Vanquished Creatures
  An orc wizard (D:3)
  5 adders
  A dart slug (D:3)
  7 orcs (D:3)
  4 endoplasms
  5 giant cockroaches
  5 goblins
  5 hobgoblins
  2 jackals (D:3)
  3 quokkas
  15 ball pythons
  4 bats
  3 frilled lizards
  8 kobolds
  7 rats
75 creatures vanquished.

Notes
Turn   | Place    | Note
-------+----------+-------------------------------------------
     0 | D:1      | LeprechaunX the Octopode Shapeshifter began the quest for
                  | the Orb.
     0 | D:1      | Reached XP level 1. HP: 13/13 MP: 1/1
   161 | D:1      | Reached XP level 2. HP: 18/18 MP: 2/2
   470 | D:1      | Reached XP level 3. HP: 23/23 MP: 3/3
   590 | D:2      | Identified the +1 short sword of the Aged Demons {heavy,
                  | Dex+4}
   872 | D:2      | Reached XP level 4. HP: 29/29 MP: 4/4
  1410 | D:3      | Reached skill level 4 in Unarmed Combat
  1424 | D:3      | Found a broken altar of Ashenzari.
  1698 | D:3      | Found a radiant altar of Vehumet.
  1704 | D:3      | Reached XP level 5. HP: 30/34 MP: 5/5
  1906 | D:3      | HP: 1/34 [something (4)]
  1909 | D:3      | Killed from afar by an orc wizard

Illustrated notes

Levels and vault maps discovered:
D:1:      saegor_arrival_simple_d, layout_basic
D:2:      layout_basic
D:3:      layout_loops_corners, evilmike_ruin_ashenzari,
          mainiacjoe_overflow_chevrons, minmay_fractal_squares_5

Skill      XL: |  1  2  3  4 |
---------------+-------------+-----
Unarmed Combat | 4 |  4.3
Fighting       | 2 |  2.3
Dodging        | |  2.9
Shapeshifting  | |  3.5

Action                     |  1- 3 |  4- 6 || total
---------------------------+-------+-------++-------
  Melee: Unarmed           |    65 |    66 ||   131
         Constrict         |    18 |    25 ||    43
         Tentacles         |     7 |    19 ||    26
         Punch             |       |     2 ||     2
   Stab: Sleeping          |     5 |     4 ||     9
 Armour: Skin              |     3 |     4 ||     7
  Dodge: Dodged            |    45 |    33 ||    78

Table legend: (Time is in decaauts)
 A = Elapsed time spent in this place.
 B = Non-inter-level travel time spent in this place.
 C = Inter-level travel time spent in this place.
 D = Time resting spent in this place.
 E = Time spent auto-exploring this place.
 F = Levels seen in this place.
 G = Mean time per level.
                   A        B        C        D        E       F      G
               +--------+--------+--------+--------+--------+-----+--------+
         Total |   1897 |   1866 |     31 |     85 |   1396 |   3 |  632.3 |
       Dungeon |   1897 |   1866 |     31 |     85 |   1396 |   3 |  632.3 |
               +--------+--------+--------+--------+--------+-----+--------+

Top non-repeatable levels by time:
     D:2: 816 daAuts
     D:3: 542 daAuts
     D:1: 538 daAuts
